 Dungeon Crawl Stone Soup version 0.21-a0-110-g8e1637b (webtiles) character file.

970 shitimlost the Vandal (level 8, -2/65 HPs)
             Began as a Formicid Hunter on July 10, 2017.
             Slain by an iguana (11 damage)
             ... on level 5 of the Dungeon.
             The game lasted 00:20:15 (5058 turns).

shitimlost the Vandal (Formicid Hunter)             Turns: 5058, Time: 00:20:16

Health: -2/65      AC:  6    Str: 18    XL:     8   Next: 38%
Magic:  8/8        EV: 12    Int: 11    God:
Gold:   238        SH:  0    Dex: 12    Spells: 7/7 levels left

rFire    . . .     SeeInvis +   m - +0 blowgun (curse)
rCold    . . .     Gourm    .   (no shield)
rNeg     . . .     Faith    .   g - +0 ring mail
rPois    .         Spirit   .   (helmet unavailable)
rElec    .         Reflect  .   (no cloak)
rCorr    .         Harm     .   n - +0 pair of gloves
MR       .....                  (no boots)
Stlth    ++........             (no amulet)
HPRegen  0.20/turn              (no ring)
MPRegen  0.11/turn              (no ring)

@: no status effects
A: permanent stasis, dig shafts and tunnels, four strong arms, antennae 3
a: Dig, Shaft Self


You were on level 5 of the Dungeon.
You were not hungry.

You visited 1 branch of the dungeon, and saw 5 of its levels.

You collected 238 gold pieces.

Inventory:

Hand Weapons
 a - a +2 hunting sling
 b - a +0 short sword
 m - a cursed +0 blowgun (weapon)
 x - a +0 battleaxe
Missiles
 d - 45 sling bullets
 e - 57 stones (quivered)
 v - 6 needles of sleeping
 y - 20 poisoned needles
 B - 7 curare-tipped needles
Armour
 c - a +0 leather armour
 g - a +0 ring mail (worn)
 n - a +0 pair of gloves (worn)
 r - a +0 shield
Scrolls
 i - a scroll of fog
 l - a scroll of teleportation
 q - a scroll of enchant weapon
Potions
 h - a potion of resistance
 k - a potion of agility
 o - 2 potions of haste
 p - a potion of degeneration {unknown}
 t - a potion of might {unknown}
 w - a potion of heal wounds
Comestibles
 f - 4 bread rations


   Skills:
 + Level 6.3 Fighting
 - Level 6.8(7.0) Slings
 + Level 2.3(4.5) Throwing
 - Level 3.6 Dodging
 - Level 4.3 Stealth


You had 7 spell levels left.
You didn't know any spells.

Dungeon Overview and Level Annotations

Branches:
Dungeon (5/15)
 Temple: D:4-7

Altars:

Annotations:
D:4 NOFUNALLOWED's ghost, amateur CeCK


Innate Abilities, Weirdness & Mutations

You cannot be hasted, slowed, berserked, paralysed or teleported.
You can dig through walls and to a lower floor.
Your four strong arms can wield two-handed weapons with a shield.
You have a pair of large antennae on your head. (SInv)


Message History

You throw a stone. The stone barely misses the iguana.
Throwing (i - inventory. (,) - cycle):
e - 60 stones (quivered)
Press: ? - help, Shift-Dir - straight line, f/p - iguana
Aim: an iguana (severely wounded, slow, poisoned)
You throw a stone. The stone barely misses the iguana.
The iguana closely misses you.
Throwing (i - inventory. (,) - cycle):
e - 59 stones (quivered)
Press: ? - help, Shift-Dir - straight line, f/p - iguana
Aim: an iguana (severely wounded, slow, poisoned)
You throw a stone.
The stone hits the iguana but does no damage.
The iguana is severely wounded.
Throwing (i - inventory. (,) - cycle):
e - 58 stones (quivered)
Press: ? - help, Shift-Dir - straight line, f/p - iguana
Aim: an iguana (almost dead, slow, poisoned)
You throw a stone.
The stone hits the iguana but does no damage.
The iguana is almost dead.
The iguana bites you!
You die...

#(. #.#
#.# # #(#
#(#(#
#((##(#.#
(((.(())#
#@# #l#
.$. .....
...(..#
....####
.....
......


You could see an iguana.

Vanquished Creatures
  Sigmund (D:2)
  2 ogres
  A howler monkey (D:4)
  A hound (D:4)
  2 orc priests
  2 bullfrog skeletons (D:5)
  A gnoll shaman (D:4)
  3 worker ants (D:4)
  An orc wizard (D:5)
  12 adders
  11 gnolls
  2 oozes
  An adder zombie (D:5)
  An adder skeleton (D:5)
  3 worms
  A dart slug (D:2)
  5 leopard geckos
  5 orcs
  A ball python (D:3)
  A bat skeleton (D:2)
  2 bat zombies (D:2)
  4 giant cockroaches
  10 goblins
  7 hobgoblins
  12 kobolds
  2 quokkas
  7 bats
  5 frilled lizards
  2 giant cockroach zombies (D:2)
  9 rats
117 creatures vanquished.

Notes
Turn   | Place    | Note
-------+----------+-------------------------------------------
     0 | D:1      | shitimlost the Formicid Hunter began the quest for the Orb.
     0 | D:1      | Reached XP level 1. HP: 16/16 MP: 1/1
   229 | D:1      | Reached XP level 2. HP: 23/23 MP: 2/2
   382 | D:1      | Reached XP level 3. HP: 28/28 MP: 3/3
  1128 | D:2      | Reached XP level 4. HP: 34/34 MP: 4/4
  1192 | D:2      | Noticed Sigmund
  1205 | D:2      | Killed Sigmund
  1205 | D:2      | Reached skill level 5 in Slings
  1205 | D:2      | Reached XP level 5. HP: 41/41 MP: 5/5
  1205 | D:2      | Reached XP level 6. HP: 47/47 MP: 6/6
  1832 | D:3      | Noticed an ogre
  1839 | D:3      | Killed an ogre
  1839 | D:3      | Reached XP level 7. HP: 31/54 MP: 7/7
  2589 | D:4      | Noticed NOFUNALLOWED's ghost (amateur CeCK)
  3051 | D:4      | Reached skill level 5 in Fighting
  3441 | D:4      | Reached XP level 8. HP: 48/63 MP: 8/8
  4301 | D:5      | Entered Level 5 of the Dungeon
  4442 | D:4      | Reached skill level 1 in Throwing
  5058 | D:5      | Slain by an iguana

Vault maps used:
D:1:      doesnt_arrival_eight_statues
D:2:      serial_undead, serial_undead_f, serial_undead_e, serial_undead_a,
          serial_undead_c, serial_undead_e, minmay_divided_ellipse, uniq_sigmund
D:3:      cheibrodos_helix_gallery
D:4:      first_bread
D:5:      temple_fountains

Skill      XL: |  1  2  3  4  5  6  7  8 |
---------------+-------------------------+-----
Dodging        | 2 3 |  3.6
Stealth        | 2 3 4 |  4.3
Fighting       | 3 4 5 6 |  6.3
Slings         | 5 6 |  6.8
Throwing       | 2 |  2.3

Action                   |  1- 3 |  4- 6 |  7- 9 || total
-------------------------+-------+-------+-------++-------
Melee: Blowgun           |       |       |    32 ||    32
 Fire: Hunting sling     |   106 |   103 |    79 ||   288
       Blowgun           |       |       |    61 ||    61
Throw: Stone             |       |       |   205 ||   205
 Abil: Dig               |       |       |    11 ||    11
  Use: Potion            |       |     1 |     5 ||     6
       Scroll            |       |     6 |     4 ||    10
  Eat: Chunk             |       |     2 |     4 ||     6
       Royal jelly       |       |       |     2 ||     2
       Meat ration       |       |       |     1 ||     1
Armor: Leather armour    |     7 |     7 |    23 ||    37
       Ring mail         |       |       |    49 ||    49
Dodge: Dodged            |    26 |    30 |   164 ||   220
